[Event "Team 45 45 League T55"]
[Site "Internet Chess Club"]
[Date "2012.11.24"]
[Round "2"]
[White "Berke"]
[Black "typhoon"]
[Result "0-1"]
[WhiteElo "1592"]
[BlackElo "1528"]
[Opening "Scotch gambit: Benima defense"]
[ECO "C44"]
[Time "12:00:38"]
[TimeControl "2700+45"]

1. e4 e5 2. Nf3 Nc6 3. d4 exd4 4. Bc4 Be7 5. c3 d6 6. Qb3 Na5 7. Bxf7+ Kf8 8.
Qa4 c6 9. Bxg8 Rxg8 10. cxd4 b5 11. Qc2 Bd7 12. b3 c5 13. O-O Rc8 14. Qd2 c4 15.
bxc4 Nxc4 16. Qf4+ Bf6 17. e5 dxe5 18. dxe5 Nxe5 19. Nxe5 Ke8 20. Re1 Be6 21.
Be3 Qd5 22. Bxa7 Bxe5 23. Qg5 Kf7 24. Be3 Bxa1 25. Qxd5 Bxd5 26. Nd2 Bc3 27. Rd1
Bxd2 28. Bxd2 Bxa2 29. h3 Rgd8 30. Ra1 Rxd2 31. Rxa2 Rxa2 32. g4 b4 {White
resigns} 0-1

[Event "Team 45 45 League T55"]
[Site "Internet Chess Club"]
[Date "2012.11.25"]
[Round "2"]
[White "Ptzz"]
[Black "Matusalen"]
[Result "1/2-1/2"]
[WhiteElo "2087"]
[BlackElo "2166"]
[Opening "QGD semi-Slav"]
[ECO "D43"]
[Time "08:31:19"]
[TimeControl "2700+45"]

1. d4 d5 2. c4 c6 3. Nf3 Nf6 4. Nc3 e6 5. Bg5 h6 6. Bxf6 Qxf6 7. e3 Nd7 8. Bd3
dxc4 9. Bxc4 g6 10. O-O Bg7 11. Rc1 O-O 12. b4 Qe7 13. a3 a5 14. Qb3 axb4 15.
axb4 b6 16. e4 Bb7 17. Rfe1 Rfc8 18. e5 Bf8 19. Rb1 c5 20. Nb5 Bxf3 21. Qxf3
cxd4 22. Bd3 Bg7 23. Qf4 Qg5 24. Qxg5 hxg5 25. Nxd4 Nxe5 26. Be4 Ra4 {Game drawn
by mutual agreement} 1/2-1/2

[Event "Team 45 45 League T55"]
[Site "Internet Chess Club"]
[Date "2012.11.25"]
[Round "2"]
[White "przechrzczony"]
[Black "Jack-ONeill"]
[Result "1-0"]
[WhiteElo "2062"]
[BlackElo "1996"]
[Opening "Polish (Sokolsky) opening"]
[ECO "A00"]
[Time "09:02:03"]
[TimeControl "2700+45"]

1. b4 d5 2. Bb2 Nf6 3. Nf3 c6 4. e3 Bg4 5. Be2 e6 6. a3 Nbd7 7. h3 Bh5 8. O-O
Bd6 9. c4 O-O 10. cxd5 cxd5 11. Nc3 Rc8 12. Rc1 Qe7 13. Nd4 Bg6 14. Qb3 Bb8 15.
d3 Rfe8 16. Na4 e5 17. Nf3 Qd6 18. Rfd1 Rxc1 19. Bxc1 Rc8 20. Bb2 h6 21. Nc5
Nxc5 22. bxc5 Qe7 23. d4 exd4 24. Bxd4 Be4 25. Nd2 Bf5 26. Bf3 b6 27. cxb6 Bc2
28. Rc1 Bxb3 29. Rxc8+ Kh7 30. Rxb8 axb6 31. Nxb3 Qxa3 32. Rxb6 Ne4 33. Bxe4+
dxe4 34. Nc5 Qa8 35. Rb7 Qe8 36. Nd7 Qe6 {Black resigns} 1-0

[Event "Team 45 45 League T55"]
[Site "Internet Chess Club"]
[Date "2012.11.25"]
[Round "2"]
[White "PandorasBox"]
[Black "bobhill"]
[Result "1-0"]
[WhiteElo "1909"]
[BlackElo "1907"]
[Opening "English: ultra-symmetrical variation"]
[ECO "A36"]
[Time "16:30:29"]
[TimeControl "2700+45"]

1. c4 c5 2. g3 Nc6 3. Bg2 g6 4. Nc3 Bg7 5. e3 Nf6 6. Nge2 O-O 7. O-O d6 8. d4
cxd4 9. exd4 Bd7 10. Be3 Qc8 11. Re1 Bf5 12. Rc1 Nb4 13. Nf4 e5 14. Ncd5 Nc6 15.
Nxf6+ Bxf6 16. Nd5 Bg7 17. c5 dxc5 18. Rxc5 Qd7 19. dxe5 Bxe5 20. Bh6 Bg7 21.
Bxg7 Kxg7 22. b4 Qd6 23. Qa1+ f6 24. Ne3 Ne7 25. Qc3 Rad8 26. Bxb7 Bh3 27. a3
Rf7 28. Bf3 Qd3 29. Qxd3 Rxd3 30. Be2 Rxa3 31. Bc4 Rf8 32. Nc2 Rc3 33. Rxe7+ Kh6
34. Bg8 Rxc5 35. Rxh7+ Kg5 36. bxc5 Bf5 37. Ne3 {Black resigns} 1-0

[Event "Team 45 45 League T55"]
[Site "Internet Chess Club"]
[Date "2012.11.25"]
[Round "2"]
[White "alexping"]
[Black "Holzschlange"]
[Result "1/2-1/2"]
[WhiteElo "1902"]
[BlackElo "1817"]
[Opening "Benoni: 6.e4"]
[ECO "A65"]
[Time "10:34:24"]
[TimeControl "2700+45"]

1. d4 Nf6 2. c4 c5 3. d5 e6 4. Nc3 exd5 5. cxd5 d6 6. e4 g6 7. Bb5+ Bd7 8. Bd3
Bg7 9. Bf4 Qe7 10. Qd2 b5 11. Nxb5 Nxe4 12. Qe3 Bxb5 13. Bxb5+ Nd7 14. Ne2 Rb8
15. Bxd7+ Kxd7 16. O-O Rxb2 17. Ng3 Nxg3 18. Qxg3 Re8 19. Qa3 Reb8 20. Qxa7+
R8b7 21. Qa4+ Kc7 22. Qc6+ Kd8 23. Bxd6 Qd7 24. Bxc5 Qxc6 25. dxc6 Rc7 26. Rad1+
Kc8 27. Bd4 Bxd4 28. Rxd4 Rxc6 29. a4 Ra2 30. g4 h5 31. Rf4 hxg4 32. Rxf7 Rxa4
33. Re1 Kd8 34. Re5 Rd4 35. Rg5 Ke8 36. Rg7 Kf8 37. R7xg6 Rxg6 38. Rxg6 Kf7 39.
Ra6 Rb4 40. Kg2 Kg7 41. Kg3 Rc4 42. Re6 Ra4 43. Kh4 Rf4 44. Kg3 Ra4 45. Rd6 Rb4
46. Kh4 Rf4 47. Kg3 Ra4 48. h4 gxh3 49. Kxh3 Kf7 50. Kg3 Ra5 51. Kg4 Rb5 52. f4
Ra5 53. Rb6 Rc5 54. Rh6 Ra5 {Game drawn by mutual agreement} 1/2-1/2

[Event "Team 45 45 League T55"]
[Site "Internet Chess Club"]
[Date "2012.11.24"]
[Round "2"]
[White "BigH"]
[Black "MemphisChess"]
[Result "0-1"]
[WhiteElo "2010"]
[BlackElo "2051"]
[Opening "Sicilian: Smith-Morra gambit"]
[ECO "B21"]
[Time "11:26:24"]
[TimeControl "2700+45"]

1. e4 c5 2. d4 cxd4 3. c3 g6 4. Nf3 Bg7 5. Bc4 e6 6. O-O Ne7 7. Bf4 d5 8. exd5
exd5 9. Bb5+ Nbc6 10. Nxd4 O-O 11. Be3 Ne5 12. Nd2 Ng4 13. Bg5 Qc7 14. N2f3 Nc6
15. Re1 Qb6 16. Qa4 Nxd4 17. Nxd4 a6 18. Be8 Qxb2 19. Be7 Qxf2+ 20. Kh1 Bxd4 21.
cxd4 Qf4 22. Kg1 Qxh2+ 23. Kf1 Qh1+ 24. Ke2 Qxg2+ 25. Kd1 Nf2+ 26. Kc2 Ne4+ 27.
Kb3 Qf3+ {White resigns} 0-1

[Event "Team 45 45 League T55"]
[Site "Internet Chess Club"]
[Date "2012.11.26"]
[Round "2"]
[White "Chess-Dream"]
[Black "lacibacsi"]
[Result "1-0"]
[WhiteElo "2097"]
[BlackElo "2049"]
[Opening "King's Indian: fianchetto, Panno variation"]
[ECO "E63"]
[Time "16:04:20"]
[TimeControl "2700+45"]

1. Nf3 Nf6 2. c4 g6 3. g3 Bg7 4. Bg2 O-O 5. O-O d6 6. d4 Nc6 7. Nc3 a6 8. Re1
Rb8 9. Rb1 e5 10. d5 Ne7 11. b4 Nd7 12. e4 h6 13. Ba3 f5 14. Nd2 Nf6 15. c5 fxe4
16. Ndxe4 Nf5 17. b5 Nd4 18. cxd6 Rf7 19. bxa6 b5 20. dxc7 Rxc7 21. Bd6 Rxc3 22.
Bxb8 Rc2 23. a7 Bb7 24. Nd6 Qb6 25. Nxb7 Qxb7 26. Bxe5 {Black resigns} 1-0

[Event "Team 45 45 League T55"]
[Site "Internet Chess Club"]
[Date "2012.11.22"]
[Round "2"]
[White "Greedy-Reedy"]
[Black "kubiyak"]
[Result "1/2-1/2"]
[WhiteElo "1952"]
[BlackElo "1788"]
[Opening "Robatsch defense: Pseudo-Austrian attack"]
[ECO "B06"]
[Time "06:45:50"]
[TimeControl "2700+45"]

1. e4 g6 2. d4 Bg7 3. Nc3 d6 4. f4 e6 5. Nf3 Ne7 6. Bd3 Nd7 7. Be3 c5 8. Qd2
cxd4 9. Nxd4 Nf6 10. Bb5+ Bd7 11. Bxd7+ Qxd7 12. Ndb5 Nc8 13. e5 Ng4 14. O-O-O
Nxe3 15. Qxe3 d5 16. Qc5 Bf8 17. Qe3 a6 18. Nd4 Bc5 19. Qf3 Bxd4 20. Rxd4 Ne7
21. g4 h5 22. h3 Nc6 23. Rdd1 Qe7 24. Qf2 Qb4 25. a3 Qa5 26. Qh4 Qd8 27. Qg3 Qe7
28. Qe3 d4 29. Rxd4 Nxd4 30. Qxd4 hxg4 31. Ne4 Rxh3 32. Nf6+ Kf8 33. Qg1 Rc8 34.
Rxh3 gxh3 35. Qg5 Qc7 36. c3 Qc6 37. Qh6+ Ke7 38. Qxh3 Qc4 39. Qh4 Qf1+ 40. Kc2
Qe2+ 41. Kb1 Qf1+ {Game drawn by mutual agreement} 1/2-1/2

[Event "Team 45 45 League T55"]
[Site "Internet Chess Club"]
[Date "2012.11.27"]
[Round "2"]
[White "chess123"]
[Black "Dracoac"]
[Result "1/2-1/2"]
[WhiteElo "1778"]
[BlackElo "1792"]
[Opening "Trompowsky attack (Ruth, Opocenský opening)"]
[ECO "A45"]
[Time "20:45:50"]
[TimeControl "2700+45"]

1. d4 Nf6 2. Bg5 Ne4 3. Bh4 d5 4. f3 Nf6 5. Nd2 Bf5 6. Bxf6 exf6 7. e4 Bg6 8. c3
Be7 9. Qb3 Qc8 10. Qxd5 c6 11. Qb3 O-O 12. Bd3 Re8 13. Ne2 Nd7 14. Nf4 Nb6 15.
Nxg6 hxg6 16. a4 Qe6 17. a5 Qxb3 18. Nxb3 Nd7 19. O-O Rac8 20. Rfd1 c5 21. Bb5
Red8 22. Bxd7 Rxd7 23. d5 c4 24. Nd2 f5 25. Ra4 fxe4 26. fxe4 Rdc7 27. Kf1 Bd6
28. Nf3 Re7 29. Re1 f6 30. Nd4 Bxh2 31. Nb5 a6 32. Nd4 Bd6 33. Ne6 Kf7 34. Kf2
Rh8 35. Kf3 Rh5 36. Rxc4 Re5 37. Rc8 Rd7 38. c4 Bb4 39. Rh1 Rxe6 40. dxe6+ Kxe6
41. c5 Bxa5 42. c6 Rd3+ 43. Kg4 bxc6 44. Rxc6+ Kf7 45. Rxa6 Bb4 46. Rc1 Rd2 47.
Rc7+ Kg8 48. Ra8+ Kh7 49. Rcc8 g5 50. Kh3 Rxb2 51. Rc7 Bd6 52. Rd7 Be5 53. Raa7
f5 54. exf5 Kh6 55. Ra6+ Kh7 56. f6 Rb4 57. g3 Rb3 58. Kg4 Rxg3+ 59. Kf5 Bxf6
60. Ra8 Rf3+ 61. Kg4 Rf4+ 62. Kg3 Kg6 63. Ra6 Rb4 64. Rd5 Rb3+ 65. Kg4 Rb4+ 66.
Kg3 Kh5 67. Ra8 Rb3+ 68. Kg2 Kh4 69. Ra4+ g4 70. Rf5 Rb2+ 71. Rf2 Rxf2+ 72. Kxf2
Kh3 73. Ra3+ Kh2 74. Ra2 Kh3 75. Kg1 g3 76. Rg2 Bd4+ 77. Kh1 Bf2 78. Rh2+ Kg4
79. Rh8 Kf3 80. Rf8+ Kg4 81. Kg2 g5 82. Rf7 Kh4 83. Rc7 Kg4 84. Rc4+ Kh5 85. Kf3
Kg6 86. Rc6+ Kh5 87. Rc4 Kg6 88. Kg2 Kf5 89. Ra4 Kg6 90. Rc4 Kf5 91. Ra4 Kf6 92.
Rg4 Kf5 93. Ra4 {Game drawn by repetition} 1/2-1/2

[Event "Team 45 45 League T55"]
[Site "Internet Chess Club"]
[Date "2012.11.24"]
[Round "2"]
[White "sdcohle"]
[Black "PaulaR"]
[Result "0-1"]
[WhiteElo "1437"]
[BlackElo "1557"]
[Opening "Queen's pawn: Chigorin variation"]
[ECO "D00"]
[Time "10:01:40"]
[TimeControl "2700+45"]

1. d4 d5 2. Nc3 Nf6 3. Nf3 Bf5 4. e3 Nbd7 5. Bd3 Bg6 6. Bd2 e6 7. Qe2 Bd6 8. Nb5
a6 9. Nxd6+ cxd6 10. h3 O-O 11. O-O e5 12. Bxg6 hxg6 13. dxe5 dxe5 14. Bc3 Re8
15. Rfd1 Rc8 16. Rd2 Qb6 17. b3 Ne4 18. Bb2 Nxd2 19. Qxd2 Qc6 20. Rc1 f6 21. c4
dxc4 22. Rxc4 Qe6 23. Qd3 e4 24. Qc2 Rxc4 25. bxc4 exf3 26. gxf3 Qxh3 27. Qxg6
Rd8 28. Bd4 Ne5 29. Qg2 Nxf3+ 30. Kf1 Qxg2+ 31. Kxg2 Nxd4 32. exd4 Rxd4 {White
resigns} 0-1

[Event "Team 45 45 League T55"]
[Site "Internet Chess Club"]
[Date "2012.11.23"]
[Round "2"]
[White "Just-Jim"]
[Black "akshayk06"]
[Result "1-0"]
[WhiteElo "1455"]
[BlackElo "1419"]
[Opening "Giuoco Piano"]
[ECO "C50"]
[Time "12:00:47"]
[TimeControl "2700+45"]

1. e4 e5 2. Nf3 Nc6 3. Bc4 Bc5 4. O-O Nf6 5. d3 h6 6. a3 O-O 7. h3 d6 8. Be3
Bxe3 9. fxe3 a6 10. Nc3 b5 11. Ba2 Re8 12. Nd5 Nxd5 13. Bxd5 Bb7 14. Nh2 Rb8 15.
Qh5 Rf8 16. Bxf7+ Rxf7 17. Qxf7+ Kh8 18. Ng4 Qe7 19. Qxe7 Nxe7 20. Rf7 Re8 21.
Raf1 Kg8 22. R7f3 Ng6 23. Rg3 Kh7 24. Rf7 Re7 25. Rxe7 Nxe7 26. Rf3 Kg8 27. Rg3
Kh7 28. Nh2 c5 29. Nf3 c4 30. Nh4 cxd3 31. cxd3 Bc8 32. Rf3 Kg8 33. Nf5 Nxf5 34.
exf5 d5 35. g4 Kf7 36. Kf2 Kf6 37. Kg3 a5 38. e4 d4 39. Rf1 g6 40. fxg6+ Kxg6
41. Rc1 Bd7 42. Rc7 Be8 43. Re7 Bf7 44. Rxe5 {Black resigns} 1-0

[Event "Team 45 45 League T55"]
[Site "Internet Chess Club"]
[Date "2012.11.23"]
[Round "2"]
[White "arconia"]
[Black "Toalla"]
[Result "0-1"]
[WhiteElo "1278"]
[BlackElo "1327"]
[Opening "Sicilian defense"]
[ECO "B30"]
[Time "12:01:53"]
[TimeControl "2700+45"]

1. e4 c5 2. Nf3 Nc6 3. Be2 d6 4. O-O Nf6 5. d3 e5 6. Nc3 Be7 7. h3 O-O 8. Nh2 a6
9. Nd5 h6 10. Nxe7+ Nxe7 11. b3 b5 12. Bb2 Nc6 13. Ng4 Nh7 14. f4 f6 15. f5 Bb7
16. Bc1 d5 17. Nxh6+ gxh6 18. Bxh6 Re8 19. Bh5 Re7 20. Qg4+ Kh8 21. Bg6 Qg8 22.
Qh5 dxe4 23. dxe4 Nd8 24. Rae1 Nf7 25. Be3 Rc8 26. Bc1 Rd7 27. Rf2 c4 28. h4
Rcd8 29. Rff1 Qg7 30. g4 Kg8 31. g5 cxb3 32. axb3 b4 33. Rf2 Nh8 34. gxf6 Nxf6
35. Qg5 Nxe4 36. Bh7+ Kxh7 37. f6 Qxg5+ 38. Bxg5 Nxf2 39. Kxf2 Nf7 40. Be3 Kg6
41. Rg1+ Kxf6 42. h5 Rh8 43. Rg6+ Kf5 44. Rb6 Rxh5 45. Rxb4 Nd6 46. c4 Ne4+ 47.
Ke2 Rh2+ 48. Kf3 Rf7 49. Bc1 Nc5+ 50. Kg3 Rh1 51. Be3 Rg7+ {White resigns} 0-1

[Event "Team 45 45 League T55"]
[Site "Internet Chess Club"]
[Date "2012.11.26"]
[Round "2"]
[White "palm47"]
[Black "tyler66"]
[Result "0-1"]
[WhiteElo "1463"]
[BlackElo "1476"]
[Opening "Vienna game"]
[ECO "C28"]
[Time "20:02:19"]
[TimeControl "2700+45"]

1. e4 e5 2. Bc4 Nc6 3. Nc3 Nf6 4. d3 Na5 5. f4 Bb4 6. fxe5 Nxc4 7. exf6 Qxf6 8.
Ne2 Nd6 9. Bd2 O-O 10. Nd5 Bxd2+ 11. Qxd2 Qxb2 12. O-O Qe5 13. Ng3 Nb5 14. Nf5
d6 15. Qg5 Bxf5 16. Qxf5 Qxf5 17. Rxf5 c6 18. Ne3 Rae8 19. a4 Nd4 20. Rf2 d5 21.
c3 Nb3 22. Rb1 Nc5 23. d4 Nxe4 24. Rc2 Nd6 25. Ng4 Re7 26. Nf2 Nc4 27. Nd3 Na3
{White resigns} 0-1

[Event "Team 45 45 League T55"]
[Site "Internet Chess Club"]
[Date "2012.11.26"]
[Round "2"]
[White "KidRattler"]
[Black "Goldenberg"]
[Result "0-1"]
[WhiteElo "1412"]
[BlackElo "1567"]
[Opening "English: ultra-symmetrical variation"]
[ECO "A36"]
[Time "18:23:49"]
[TimeControl "2700+45"]

1. c4 c5 2. Nc3 g6 3. g3 Nc6 4. Bg2 Bg7 5. e3 Nf6 6. Nge2 O-O 7. O-O e6 8. d3 d5
9. b3 Bd7 10. Rb1 Ne7 11. Bd2 Bc6 12. Nf4 d4 13. Ne4 Nxe4 14. Bxe4 Bxe4 15. dxe4
Nc6 16. Bc1 a6 17. Ba3 Qa5 18. Qc1 Rfd8 19. Rd1 dxe3 20. Rxd8+ Rxd8 21. fxe3 Ne5
22. b4 cxb4 23. Rxb4 Rd2 24. Kf1 Rxh2 25. Ne2 Rf2+ 26. Kg1 Rxe2 27. Kf1 Nd3 28.
Qd1 Qh5 29. g4 Rf2+ 30. Kg1 Qh2# {White checkmated} 0-1

[Event "Team 45 45 League T55"]
[Site "Internet Chess Club"]
[Date "2012.11.25"]
[Round "2"]
[White "iwin2"]
[Black "kingsrook"]
[Result "1-0"]
[WhiteElo "1556"]
[BlackElo "1336"]
[Opening "Sicilian: closed"]
[ECO "B23"]
[Time "19:01:28"]
[TimeControl "2700+45"]

1. e4 c5 2. Nc3 a6 3. f4 Nc6 4. Nf3 d6 5. a4 Bg4 6. Bc4 Nf6 7. d3 e6 8. O-O Nd4
9. Ne2 Bxf3 10. gxf3 d5 11. exd5 exd5 12. Nxd4 Be7 13. Nf5 O-O 14. Nxe7+ Qxe7
15. Bb3 Rfe8 16. Bd2 Qc7 17. Re1 Re7 18. Rxe7 Qxe7 19. Qe1 Qd7 20. a5 Re8 21.
Qf2 Qc7 22. Re1 Rd8 23. Kh1 h6 24. Rg1 Kh8 25. f5 Rg8 26. Qh4 Qe5 27. Re1 Qxf5
28. Qf4 Qh3 29. Qe5 Re8 30. Qg3 Rxe1+ 31. Qxe1 Qxf3+ 32. Kg1 Qg4+ 33. Qg3 Qd1+
34. Be1 Qh5 35. c4 d4 36. Ba4 Qf5 37. b4 Qc8 38. bxc5 Qxc5 39. Qb8+ Kh7 40. Qxb7
Qg5+ 41. Qg2 Qe3+ 42. Kh1 Qxd3 43. Bc2 {Black resigns} 1-0

[Event "Team 45 45 League T55"]
[Site "Internet Chess Club"]
[Date "2012.11.27"]
[Round "2"]
[White "Kravier"]
[Black "nanning"]
[Result "1-0"]
[WhiteElo "1665"]
[BlackElo "1645"]
[Opening "Queen's bishop game"]
[ECO "D02"]
[Time "05:16:03"]
[TimeControl "2700+45"]

1. Nf3 d5 2. d4 Nf6 3. Bf4 c5 4. e3 Nc6 5. Nc3 a6 6. Be2 Bf5 7. h3 e6 8. O-O Nb4
9. a3 Nc6 10. dxc5 Bxc5 11. Rc1 O-O 12. b4 Be7 13. Na4 b5 14. Nc5 Bxc5 15. bxc5
Ne4 16. Nd4 Nxd4 17. exd4 Nc3 18. Qe1 Qa5 19. Ra1 Nxe2+ 20. Qxe2 Qc3 21. Be5 f6
22. Bd6 Rfe8 23. g4 Qxc2 24. Qxc2 Bxc2 25. Rfc1 Bd3 26. f4 Kf7 27. Kf2 h5 28.
Ke3 Bc4 29. Rg1 hxg4 30. hxg4 Rh8 31. Rh1 g5 32. fxg5 fxg5 33. Be5 Rhg8 34. Rh7+
Kg6 35. Rah1 a5 36. R1h6# {Black checkmated} 1-0

[Event "Team 45 45 League T55"]
[Site "Internet Chess Club"]
[Date "2012.11.23"]
[Round "2"]
[White "tryanything"]
[Black "pereelcoix"]
[Result "1/2-1/2"]
[WhiteElo "1558"]
[BlackElo "1427"]
[Opening "Caro-Kann: exchange, Rubinstein variation"]
[ECO "D00"]
[Time "03:49:43"]
[TimeControl "2700+45"]

1. d4 d5 2. Bf4 Nf6 3. e3 c5 4. c3 cxd4 5. exd4 Nc6 6. Bd3 e6 7. Nf3 Bd6 8. Bxd6
Qxd6 9. O-O O-O 10. Re1 Re8 11. Ne5 Qc7 12. f4 Ne7 13. Nd2 h6 14. Ndf3 Nc6 15.
Qd2 Bd7 16. Qf2 Rac8 17. Qg3 a6 18. Nxd7 Nxd7 19. Ne5 Ncxe5 20. fxe5 f6 21. Qg6
Nf8 22. Qg3 Nd7 23. Bg6 Rf8 24. exf6 Rxf6 25. Qg4 Qd6 26. Rf1 Rcf8 27. Rxf6 Nxf6
28. Qe2 Nd7 29. Rf1 Rxf1+ 30. Qxf1 Qf8 31. Qe2 Qf6 32. Be8 Nb6 33. b3 Qe7 34.
Bh5 Nd7 35. Bg4 Kf7 36. Qf3+ Nf6 37. Qe2 Nxg4 38. Qxg4 Qg5 39. Qf3+ Qf6 40. Kf2
Qxf3+ 41. Kxf3 Kf6 42. h4 g5 43. hxg5+ hxg5 44. g4 b5 45. Ke3 a5 46. a3 Ke7 47.
Kd3 Kd6 48. Ke3 e5 49. Kd3 e4+ 50. Ke3 {Game drawn by mutual agreement} 1/2-1/2

[Event "Team 45 45 League T55"]
[Site "Internet Chess Club"]
[Date "2012.11.27"]
[Round "2"]
[White "otib2006"]
[Black "JohLeb"]
[Result "1-0"]
[WhiteElo "1312"]
[BlackElo "1395"]
[Opening "Queen's pawn game"]
[ECO "D04"]
[Time "13:00:16"]
[TimeControl "2700+45"]

1. d4 d5 2. Nf3 Nf6 3. e3 Bg4 4. Nbd2 e6 5. Bd3 Bd6 6. O-O Nbd7 7. Qe2 e5 8.
dxe5 Nxe5 9. h3 Bh5 10. e4 O-O 11. c4 dxc4 12. Bxc4 Nxc4 13. Nxc4 Re8 14. Bg5 h6
15. Bxf6 Qxf6 16. e5 Bxe5 17. Ncxe5 Rxe5 18. Qxe5 Qxe5 19. Nxe5 f6 20. Nc4 Be2
21. Rfc1 a6 22. Ne3 c6 23. Nf5 Rd8 24. Re1 Rd2 25. Ng3 Bc4 26. b3 Bd5 27. Ne4
Rd4 28. Nd6 b5 29. Nf5 Rd3 30. Ne7+ Kf7 31. Nxd5 Rxd5 32. Red1 Re5 33. Rd7+ Kg6
34. Ra7 {Black resigns} 1-0

[Event "Team 45 45 League T55"]
[Site "Internet Chess Club"]
[Date "2012.11.26"]
[Round "2"]
[White "theartist"]
[Black "kabubi"]
[Result "0-1"]
[WhiteElo "1106"]
[BlackElo "1121"]
[Opening "King's Indian defense, 3.Nc3"]
[ECO "E61"]
[Time "17:01:54"]
[TimeControl "2700+45"]

1. d4 Nf6 2. c4 g6 3. Nc3 e6 4. e4 d5 5. e5 Nfd7 6. Bd3 Bg7 7. Nf3 O-O 8. O-O f5
9. Bg5 Qe8 10. cxd5 Nb6 11. Bb5 Qf7 12. dxe6 Qxe6 13. Qb3 c6 14. Qd5 cxd5 {White
resigns} 0-1

[Event "Team 45 45 League T55"]
[Site "Internet Chess Club"]
[Date "2012.11.23"]
[Round "2"]
[White "bmw2002"]
[Black "drsigmund1"]
[Result "0-1"]
[WhiteElo "1612"]
[BlackElo "1577"]
[Opening "English opening"]
[ECO "A10"]
[Time "21:05:20"]
[TimeControl "2700+45"]

1. c4 b6 2. Nc3 e6 3. Nf3 Bb7 4. e4 f5 5. exf5 exf5 6. Qe2+ Qe7 7. Qxe7+ Bxe7 8.
Be2 Nc6 9. Nd5 Bc5 10. Nxc7+ Kd8 11. Nxa8 Bxa8 12. a3 Nf6 13. O-O Nd4 14. Nxd4
Bxd4 15. Rb1 Re8 16. Re1 Ne4 17. Rf1 Nxf2 18. Rxf2 Rxe2 19. d3 Rxf2 20. Bg5+ Kc8
21. Re1 Rxg2+ 22. Kf1 Rxg5 23. Re8+ Kb7 24. Ke2 Rg2+ 25. Kf1 Rxh2 26. Re7 Kc7
27. Rxg7 Bxg7 {White resigns} 0-1

[Event "Team 45 45 League T55"]
[Site "Internet Chess Club"]
[Date "2012.11.21"]
[Round "2"]
[White "nosir"]
[Black "Mitochondria"]
[Result "1/2-1/2"]
[WhiteElo "1475"]
[BlackElo "1447"]
[Opening "Queen's pawn: London system"]
[ECO "A45"]
[Time "20:00:40"]
[TimeControl "2700+45"]

1. d4 Nf6 2. Bf4 d6 3. Nf3 e6 4. Nbd2 Be7 5. e3 O-O 6. Bd3 h6 7. c3 Nbd7 8. Qc2
Re8 9. h3 Nf8 10. O-O-O Bd7 11. g4 c5 12. Rdg1 Qa5 13. Kb1 Bb5 14. Ne4 Bxd3 15.
Qxd3 Nxe4 16. Qxe4 d5 17. Qc2 cxd4 18. exd4 b5 19. Nd2 Rec8 20. Nb3 Qb6 21. Rc1
a5 22. Qe2 a4 23. Na1 Rc4 24. b3 axb3 25. axb3 Rcc8 26. Rc2 Ra7 27. Ra2 Rxa2 28.
Qxa2 Rxc3 29. Be3 Qc6 30. Rc1 Rxc1+ 31. Bxc1 Qc3 32. Be3 Bf6 33. Nc2 Qd3 34. Kb2
Qf1 35. Qa5 Qxh3 36. Qxb5 Qxg4 37. Qe8 Bg5 38. b4 Bxe3 39. fxe3 f5 40. b5 Qg6
41. Qc8 Qf7 42. b6 Kh7 43. b7 Nd7 44. b8=Q Nxb8 45. Qxb8 g5 46. Qg3 g4 47. Kc3
{Game drawn by mutual agreement} 1/2-1/2

[Event "Team 45 45 League T55"]
[Site "Internet Chess Club"]
[Date "2012.11.24"]
[Round "2"]
[White "chuckh2"]
[Black "SeniorCitizen"]
[Result "1/2-1/2"]
[WhiteElo "1339"]
[BlackElo "1358"]
[Opening "Queen's pawn, Mason variation"]
[ECO "D00"]
[Time "14:00:39"]
[TimeControl "2700+45"]

1. d4 d5 2. Bf4 Nf6 3. e3 Bg4 4. f3 Bf5 5. g4 Bg6 6. c4 e6 7. Nc3 Be7 8. h4 h6
9. Nh3 Bd6 10. Be5 Bxe5 11. dxe5 Nfd7 12. f4 Be4 13. Nxe4 dxe4 14. Nf2 Nc5 15.
Qxd8+ Kxd8 16. O-O-O+ Ke7 17. Bg2 Nc6 18. Nxe4 Nxe4 19. Bxe4 Rad8 20. b4 Rxd1+
21. Rxd1 Rd8 22. b5 Rxd1+ 23. Kxd1 Na5 24. Bd3 b6 25. Kc2 Nb7 26. Kc3 Nc5 27.
Bc2 a5 28. Kd4 Kd7 29. Bd1 Ke7 30. Bf3 Kd8 31. e4 Ke7 32. f5 f6 33. exf6+ Kxf6
34. e5+ Ke7 35. Bd1 Kf7 36. Bc2 Ke7 37. Ke3 Nd7 38. Kf4 Kf7 39. Bd1 Ke7 40. g5
hxg5+ 41. hxg5 exf5 42. Kxf5 Nf8 43. Bh5 Kd8 44. Bf7 Ke7 45. Bd5 Kd8 46. Bf7 Ke7
47. g6 Nd7 48. Be6 Nc5 49. Bc8 Na4 50. Be6 Nc5 51. Bd5 Na4 52. Kf4 Nc5 53. Ke3
Nd7 54. Kd4 Nf8 55. Bf7 Nd7 56. Kd5 Nb8 57. Be6 Kd8 58. Bc8 Kxc8 59. Ke6 Nd7 60.
Kf7 Nxe5+ 61. Kxg7 Nxg6 62. Kxg6 Kd7 63. Kf5 Kd6 64. Ke4 c6 65. Kd4 a4 66. a3
c5+ {Game drawn by mutual agreement} 1/2-1/2

[Event "Team 45 45 League T55"]
[Site "Internet Chess Club"]
[Date "2012.11.26"]
[Round "2"]
[White "lawth3"]
[Black "AlPearson"]
[Result "0-1"]
[WhiteElo "1269"]
[BlackElo "1304"]
[Opening "King's Indian: 6.Be2"]
[ECO "E91"]
[Time "19:07:42"]
[TimeControl "2700+45"]

1. d4 Nf6 2. c4 g6 3. Nc3 Bg7 4. e4 d6 5. Be2 O-O 6. Nf3 Nc6 7. Bg5 e5 8. d5 Ne7
9. O-O Ne8 10. Qd2 f5 11. Bh6 f4 12. Bxg7 Kxg7 13. Qd1 Ng8 14. b4 g5 15. h3 h5
16. Nh2 Rf6 17. Bxh5 Rh6 18. Bg4 Nef6 19. Bxc8 Qxc8 20. Qf3 Ne7 21. Ng4 Nxg4 22.
Qxg4 Qxg4 23. hxg4 Rah8 24. f3 Kf6 25. Nb5 a6 26. Nxc7 Rc8 27. Ne6 Rxc4 28. a3
Rh8 29. Rac1 Rhc8 30. Rxc4 Rxc4 31. Nd8 b6 32. Nb7 Nc8 33. Kh2 Rc7 34. Nd8 b5
35. g3 Nb6 36. Nc6 Rh7+ 37. Kg2 Nc4 38. gxf4 Ne3+ 39. Kf2 Nxf1 40. fxe5+ dxe5
41. Kxf1 Rh2 42. Ke1 Ra2 43. d6 Ke6 44. d7 Kxd7 45. Nxe5+ Ke6 46. Ng6 Rxa3 47.
Nf8+ Ke5 48. Kf2 Rb3 49. Nh7 Kf4 50. Nf6 Rxf3+ 51. Kg2 Rb3 52. Kf2 Rb2+ 53. Kf1
Ke5 54. Nh7 Kxe4 55. Nxg5+ Kf4 {White resigns} 0-1

[Event "Team 45 45 League T55"]
[Site "Internet Chess Club"]
[Date "2012.11.23"]
[Round "2"]
[White "mindstorm"]
[Black "Goldenberg"]
[Result "0-1"]
[WhiteElo "1190"]
[BlackElo "1539"]
[Opening "Sicilian: Hungarian variation"]
[ECO "B27"]
[Time "20:01:27"]
[TimeControl "2700+45"]

1. e4 c5 2. Nf3 g6 3. c3 Nc6 4. d4 cxd4 5. cxd4 d5 6. e5 Bg7 7. Bf4 f6 8. Nc3
Bg4 9. Be2 fxe5 10. Nxe5 Bxe2 11. Qxe2 Nf6 12. Nxc6 bxc6 13. O-O O-O 14. Qe6+
Kh8 15. Qxc6 Ne4 16. Nxe4 Rxf4 17. Ng5 Rc8 18. Qa4 Qb6 19. Qd7 Rb8 20. Qh3 h5
21. Ne6 Rg4 22. Nxg7 Kxg7 23. Qd3 Qxd4 24. Qxd4+ Rxd4 25. b3 e5 26. Rad1 Rbb4
27. Rxd4 Rxd4 28. Re1 Rd2 29. f3 Kf6 30. Kf1 Rxa2 31. Rd1 d4 32. Ke1 Rxg2 33.
Rd2 Rg1+ 34. Ke2 Rb1 35. h4 Rxb3 36. Ra2 Rb7 37. Kd3 Kf5 38. Rf2 Kf4 39. Kc4
Rc7+ 40. Kd3 Rc3+ 41. Ke2 Rc2+ 42. Kf1 Rxf2+ 43. Kxf2 a5 44. Ke2 a4 45. Kd2 Kxf3
46. Kc2 Ke2 47. Kb2 d3 48. Kc1 d2+ 49. Kc2 d1=Q+ 50. Kb2 Qd8 51. Ka3 Qb6 52.
Kxa4 Kd3 53. Ka3 Kc3 54. Ka2 Qb3+ 55. Ka1 Qa3+ 56. Kb1 Qb2# {White checkmated}
0-1

[Event "Team 45 45 League T55"]
[Site "Internet Chess Club"]
[Date "2012.11.24"]
[Round "2"]
[White "Bizzy-Ketty"]
[Black "IPWN"]
[Result "1-0"]
[WhiteElo "1220"]
[BlackElo "1332"]
[Opening "Caro-Kann: exchange variation"]
[ECO "B13"]
[Time "10:00:53"]
[TimeControl "2700+45"]

1. e4 c6 2. d4 d5 3. exd5 cxd5 4. Nf3 e6 5. Bd3 a6 6. Nc3 Nc6 7. Bf4 h6 8. O-O
Nf6 9. Qe2 Qb6 10. Na4 Qa7 11. Rad1 b5 12. Nc3 Be7 13. Rfe1 O-O 14. Ne5 Nxd4 15.
Qe3 Bc5 16. Qd2 Bd6 17. Qe3 Ng4 18. Nxg4 Bxf4 19. Qxf4 e5 20. Nxe5 b4 21. Nxd5
Be6 22. Qe4 Qc5 23. Qh7# {Black checkmated} 1-0